 Dungeon Crawl Stone Soup version 0.30.0 (webtiles) character file.

Game seed: 821370935231736184

384109 Ubbricas the Rapturous (level 22, -2/126 HPs)
             Began as a Vine Stalker Fighter on May 18, 2023.
             Was a Priest of Uskayaw.
             Killed from afar by an acid blob (7 damage)
             ... with a splash of acid
             ... created by the Royal Jelly
             ... on level 5 of the Pits of Slime on May 19, 2023.
             The game lasted 01:51:30 (42980 turns).

Ubbricas the Rapturous (Vine Stalker Fighter)      Turns: 42980, Time: 01:51:31

Health: -2/126     AC: 35    Str: 32    XL:     22   Next: 95%
Magic:  0/38       EV:  8    Int: 11    God:    Uskayaw [***...]
Gold:   3601       SH: 19    Dex: 25    Spells: 21/21 levels left

rFire   + . .        g - +2 rapier (speed)
rCold   + . .        p - +5 Storm Queen's Shield {shock, Fly rElec}
rNeg    + . .        G - +15 Maxwell's patent armour {-Cast -Tele rElec Will+ rCorr}
rPois   +            l - +0 helmet {Int+3}
rElec   +            C - +2 cloak
rCorr   +            R - +2 pair of gloves {infuse}
SInv    +            b - +2 pair of boots {Stlth+}
Will    +++..        a - amulet of faith Stlth
                     L - ring "Weraik" {rPois rC+ rN+ Dex+3 Stlth+}
HPRegen 1.21/turn    K - ring of the Lily {rF+ Str+4 Dex+6 SInv}
MPRegen 0.26/turn

%: no teleportation, no spellcasting, guardian spirit, faith
@: corroded, flying, hasted, studying 2 skills, very quick
A: fangs 3, regeneration 1, magic shield, antimagic bite, no potion heal 2
}: 2/15 runes: barnacled, gossamer
a: Renounce Religion, Stomp, Line Pass


You were on level 5 of the Pits of Slime.
You worshipped Uskayaw.
Uskayaw was greatly pleased with you.
You visited 9 branches of the dungeon, and saw 43 of its levels.
You also visited: Trove, Bailey and Ice Cave.

You collected 6519 gold pieces.
You spent 2918 gold pieces at shops.

Inventory:

Hand Weapons
 g - a +2 rapier of speed (weapon)
 h - a +2 quick blade of holy wrath
 k - the +7 rapier of the Dead {heavy, rN+ Will+ Str+3 SInv}
   (You found it in a treasure trove)

   Str:       It affects your strength (+3).
   rN:        It protects you from negative energy.
   SInv:      It lets you see invisible.
   Will:      It increases your willpower.
Missiles
 v - 10 javelins (quivered)
 z - 6 throwing nets
 B - 11 curare-tipped darts
 T - 47 boomerangs
Armour
 b - a +2 pair of boots of stealth (worn)
 l - a +0 helmet of intelligence (worn)
 p - the +5 Storm Queen's Shield (worn) {shock, Fly rElec}
   (You took it off a deep elf high priest on level 3 of the Elven Halls)

   Shock:     When it blocks an attack, it may electrocute the attacker.
   This works even against foes who are a short distance away.
   rElec:     It insulates you from electricity.
   Fly:       It grants you flight.
 C - a +2 cloak (worn)
 F - the +5 ring mail "Jity" {rCorr Dex+3 Slay+6}
   (You found it on level 3 of the Shoals)

   Dex:       It affects your dexterity (+3).
   Slay:      It affects your accuracy & damage with ranged weapons and melee
   (+6).
   rCorr:     It protects you from acid and corrosion.
 G - the +15 Maxwell's patent armour (worn) {-Cast -Tele rElec Will+ rCorr}
   (You acquired it in a bailey)

   rElec:     It insulates you from electricity.
   -Cast:     It prevents spellcasting.
   -Tele:     It prevents most forms of teleportation.
   rCorr:     It protects you from acid and corrosion.
   Will:      It increases your willpower.
 R - a +2 pair of gloves of infusion (worn)
Jewellery
 a - an amulet of faith (around neck)
 n - the ring "Qeasuz" {rElec rCorr Str+6}
   (You found it in an ice cave)

   [ring of strength]

   Str:       It affects your strength (+6).
   rElec:     It insulates you from electricity.
   rCorr:     It protects you from acid and corrosion.
 E - a ring of the Octopus King {rC+ HP+2 AC+2 EV+2 SH+2}
   (You bought it in a shop on level 1 of the Vaults)

   [ring of protection from cold]

   AC:        It affects your AC (+2).
   EV:        It affects your evasion (+2).
   rC:        It protects you from cold.
   HP:        It affects your health (+2).
   SH:        It affects your SH (+2).
 K - the ring of the Lily (right hand) {rF+ Str+4 Dex+6 SInv}
   (You found it on level 4 of the Shoals)

   [ring of dexterity]

   Str:       It affects your strength (+4).
   Dex:       It affects your dexterity (+6).
   rF:        It protects you from fire.
   SInv:      It lets you see invisible.
 L - the ring "Weraik" (left hand) {rPois rC+ rN+ Dex+3 Stlth+}
   (You found it in an ice cave)

   [ring of poison resistance]

   Dex:       It affects your dexterity (+3).
   rC:        It protects you from cold.
   rPois:     It protects you from poison.
   rN:        It protects you from negative energy.
   Stlth:     It makes you more stealthy.
 Z - a ring of protection from fire
Wands
 r - a wand of roots (24)
 N - a wand of acid (6)
 Y - a wand of mindburst (24)
Scrolls
 e - 5 scrolls of enchant armour
 s - 10 scrolls of fear
 u - 8 scrolls of blinking
 w - 13 scrolls of immolation
 y - 10 scrolls of fog
 I - 2 scrolls of enchant weapon
 J - 2 scrolls of silence
 Q - 12 scrolls of identify
 S - 7 scrolls of poison
 U - 14 scrolls of teleportation
 V - 8 scrolls of magic mapping
 X - 3 scrolls of summoning
Potions
 d - 9 potions of might
 f - 17 potions of curing
 i - 5 potions of ambrosia
 j - 4 potions of berserk rage
 o - 5 potions of flight
 q - 6 potions of cancellation
 x - 11 potions of mutation
 A - 4 potions of haste
 H - 4 potions of magic
 M - 10 potions of attraction
 O - 2 potions of resistance
 P - 2 potions of invisibility
Miscellaneous
 c - a phantom mirror
 m - a condenser vane
 t - a phial of floods
 D - a lightning rod (4/4)


   Skills:
 * Level 16.7 Fighting
 + Level 17.0 Short Blades
 - Level 10.4 Throwing
 + Level 14.1 Armour
 + Level 11.2 Shields
 * Level 22.0 Invocations
 - Level 10.0 Evocations


You had 21 spell levels left.
You didn't know any spells.
Your spell library contained the following spells:

 Spells                   Type           Power      Damage    Failure   Level
 Apportation              Tloc           0%         N/A       95%         1
 Foxfire                  Conj/Fire      0%         2x1d4     95%         1
 Necrotise                Necr           0%         1d4       95%         1
 Sandblast                Erth           0%         2d4       95%         1
 Shock                    Conj/Air       0%         1d3       95%         1
 Summon Small Mammal      Summ           0%         N/A       95%         1
 Blink                    Tloc           0%         N/A       99%         2
 Cigotuvi's Dreadful Rot  Necr/Pois/Air  0%         N/A       99%         2
 Lesser Beckoning         Tloc           0%         N/A       99%         2
 Momentum Strike          Conj/Tloc      0%         3d8       99%         2
 Passwall                 Tmut/Erth      0%         N/A       99%         2
 Poisonous Vapours        Pois/Air       0%         N/A       99%         2
 Sublimation of Blood     Necr           0%         N/A       99%         2
 Call Canine Familiar     Summ           0%         N/A       100%        3
 Dazzling Flash           Conj/Hex       0%         N/A       100%        3
 Frozen Ramparts          Ice            0%         1d1       100%        3
 Hailstorm                Conj/Ice       0%         3d3       100%        3
 Inner Flame              Hex/Fire       0%         N/A       100%        3
 Ozocubu's Armour         Ice            0%         N/A       100%        3
 Portal Projectile        Hex/Tloc       0%         N/A       100%        3
 Stone Arrow              Conj/Erth      0%         3d7       100%        3
 Summon Guardian Golem    Hex/Summ       0%         N/A       100%        3
 Swiftness                Air            0%         N/A       100%        3
 Vampiric Draining        Necr           0%         2d6       100%        3
 Volatile Blastmotes      Fire/Tloc      0%         2d10      100%        3
 Airstrike                Air            0%         2d(0-16)  100%        4
 Anguish                  Hex/Necr       0%         N/A       100%        4
 Animate Armour           Summ/Erth      0%         N/A       100%        4
 Cause Fear               Hex            0%         N/A       100%        4
 Flame Wave               Conj/Fire      0%         2d4       100%        4
 Fulminant Prism          Conj/Hex       0%         3d5       100%        4
 Ice Form                 Ice/Tmut       0%         N/A       100%        4
 Iskenderun's Mystic Bla  Conj/Tloc      0%         2d3       100%        4
 Leda's Liquefaction      Hex/Erth       0%         N/A       100%        4
 Olgreb's Toxic Radiance  Pois           0%         N/A       100%        4
 Petrify                  Tmut/Erth      0%         N/A       100%        4
 Sticky Flame             Conj/Fire      0%         2d3       100%        4
 Summon Ice Beast         Ice/Summ       0%         N/A       100%        4
 Agony                    Necr           0%         N/A       100%        5
 Alistair's Intoxication  Tmut/Pois      0%         N/A       100%        5
 Borgnjor's Vile Clutch   Necr/Erth      0%         N/A       100%        5
 Fireball                 Conj/Fire      0%         3d3       100%        5
 Irradiate                Conj/Tmut      0%         3d11      100%        5
 Lee's Rapid Deconstruct  Erth           0%         3d4*      100%        5
 Metabolic Englaciation   Hex/Ice        0%         N/A       100%        5
 Summon Forest            Summ/Tloc      0%         N/A       100%        5
 Summon Mana Viper        Hex/Summ       0%         N/A       100%        5
 Yara's Violent Unravell  Hex/Tmut       0%         3d3       100%        5
 Eringya's Noxious Bog    Tmut/Pois      0%         N/A       100%        6
 Plasma Beam              Fire/Air       0%         2x1d11    100%        6
 Simulacrum               Ice/Necr       0%         N/A       100%        6
 Starburst                Conj/Fire      0%         6d3       100%        6
 Summon Cactus Giant      Summ           0%         N/A       100%        6
 Enfeeble                 Hex            0%         N/A       100%        7
 Monstrous Menagerie      Summ           0%         N/A       100%        7
 Orb of Destruction       Conj           0%         9d5       100%        7
 Spellforged Servitor     Conj/Summ      0%         N/A       100%        7
 Borgnjor's Revivificati  Necr           0%         N/A       100%        8
 Lehudib's Crystal Spear  Conj/Erth      0%         10d2      100%        8


Dungeon Overview and Level Annotations

Branches:
Dungeon (15/15)            Temple (1/1) D:4            Lair (5/5) D:8
 Shoals (4/4) Lair:3       Spider (4/4) Lair:2        Slime (5/5) Lair:5
    Orc (2/2) D:11            Elf (3/3) Orc:2        Vaults (4/5) D:13
  Crypt (0/3) Vaults:3     Depths (0/4) D:15         Bailey (visited)
  IceCv (visited)

Altars:
Cheibriados
Elyvilon
Gozag
Kikubaaqudgha
Makhleb
Nemelex Xobeh
Okawaru
Sif Muna
Trog
Uskayaw
Vehumet
Wu Jian
Xom
Yredelemnul
The Shining One
Lugonu

Shops:
D:7 :   Orc:1 (   Orc:2 (**:[   Elf:2 (   Shoals:3 (   Shoals:4 !   Vaults:1 =
Vaults:2 ?   Vaults:4 (?((

Portals:
Abyss: Lair:5

Annotations:
D:5 3 runed translucent doors, DispaterIsMyDaddy's ghost, novice FoEE
D:9 2 runed translucent doors
Abyss:1 Zenata


Innate Abilities, Weirdness & Mutations

You have razor-sharp teeth.
Your natural rate of healing is unusually fast.
When hurt, damage is shared between your health and your magic reserves.
Your bite disrupts and absorbs the magic of your enemies.
Potions cannot restore your health.


Message History

Your shield discharges, shocking the quicksilver ooze!
The quicksilver ooze hits you but does no damage.
The quicksilver ooze is engulfed in blazing flames.
You block the quicksilver ooze's attack.
Your shield discharges, shocking the quicksilver ooze!
You kill the quicksilver ooze!
That felt strangely unrewarding.
Uskayaw will force your foes to helplessly watch your dance.
Unknown command.
Unknown command.
Unknown command.
You slip free of the ooze engulfing you.
You gasp with relief as air once again reaches your lungs.
You are engulfed in blazing flames.
You resist.
* * * LOW HITPOINT WARNING * * *
The acid blob is engulfed in blazing flames.
You block the acid blob's attack. x2
Your shield discharges, shocking the acid blob!
The acid blob spits acid at you. You block the splash of acid.
The acid blob is engulfed in blazing flames.
The acid blob hits you!
* * * LOW HITPOINT WARNING * * *
You are splashed with acid.
You resist.
* * * LOW HITPOINT WARNING * * *
The acid blob is engulfed in blazing flames.
The acid blob hits you but does no damage.
Unknown command.
Unknown command.
You are engulfed in blazing flames.
You resist.
* * * LOW HITPOINT WARNING * * *
The acid blob closely misses you. The acid blob spits acid at you.
The splash of acid hits you. You resist.
* * * LOW HITPOINT WARNING * * *
The acid corrodes you!
The acid blob is engulfed in blazing flames.
The acid blob spits acid at you. The splash of acid hits you! You resist.
You die...

.### #### ....#####..####
..............##
...............##
................##
.................#
...........J.....#
........§@§JJ....##
........§JJJJ..<..###
......(.JJJJJJ......####
......(.JJJJ...........#
..........JJ...........##
.........................
........................#
..#.#...................#
####.................


You could see 7 acid blobs, 4 azure jellies, a slime creature (inner flame, pain
bonded), 2 rockslimes and 5 quicksilver oozes.

Vanquished Creatures
  the Royal Jelly (Slime:5)
  A dread lich (Vaults:4)
  Mara (Vaults:3)
  Margery (Vaults:2)
  A golden dragon (Vaults:4)
  Nikola (Spider:3)
  A tentacled monstrosity (Vaults:4)
  Asterion (Spider:4)
  9 acid blobs
  2 deep elf blademasters
  3 deep elf master archers (Elf:3)
  3 sphinxes
  A kraken (Shoals:2)
  The ghost of Dani the Warrior, a journeyman OgDe of Okawaru (Lair:3)
  A storm dragon (Vaults:4)
  Donald (Elf:3)
  A fenstrider witch (shapeshifter) (Vaults:3)
  A rockslime (Lair:5)
  8 azure jellies
  6 deep elf sorcerers (Elf:3)
  4 iron dragons (Vaults:4)
  2 ghost moths
  8 vault wardens
  5 emperor scorpions (Spider:4)
  A draconian knight (IceCv)
  3 orc warlords
  12 ironbound preservers
  Aizul (Spider:1)
  7 deep elf elementalists (Elf:3)
  10 very ugly things
  3 quicksilver oozes (Slime:5)
  2 war gargoyles
  7 ironbound thunderhulks
  3 broodmothers
  Azrael (Spider:2)
  5 deep elf demonologists
  10 deep elf annihilators
  12 dire elephants
  4 spark wasps
  4 white draconians (IceCv)
  Snorg (D:12)
  An ettin (Vaults:4)
  8 deep elf death magi
  A merfolk javelineer (Shoals:4)
  53 slime creatures
  A crystal guardian (Vaults:4)
  3 entropy weavers
  A fire dragon (D:15)
  11 merfolk impalers
  3 vault guards
  7 yaktaur captains
  5 great orbs of eyes
  12 deep elf high priests
  An ice dragon (D:15)
  2 peacekeepers
  An ogre mage (D:15)
  2 alligator snapping turtles
  6 jorogumos
  15 centaur warriors
  7 hydras
  18 ironbound frosthearts
  A death knight (D:9)
  2 merfolk avatars (Shoals:4)
  A radroach (Spider:1)
  6 two-headed ogres
  2 catoblepae (Lair:5)
  5 merfolk aquamancers
  7 boulder beetles
  31 dancing weapons
  2 satyrs (Shoals:3)
  2 tengu warriors (D:14)
  4 orc high priests (Orc:2)
  3 thrashing horrors (Lair:5)
  5 hell knights (Vaults:2)
  Urug (Lair:1)
  19 deep elf knights
  Nergalle (D:11)
  2 sun moths
  5 skysharks
  20 sea snakes
  A fire crab (shapeshifter) (D:14)
  7 pharaoh ants
  A glowing orange brain (Vaults:4)
  4 skeletal warriors (D:14)
  A kraken simulacrum (Shoals:4)
  8 orb spiders
  16 deep elf archers
  An orange crystal statue (IceCv)
  3 wizards
  33 deep trolls
  13 ironbound convokers
  37 deep elf pyromancers
  A tengu zombie (Vaults:2)
  6 steelbarb worms
  3 necromancers
  9 harpies
  4 orc knights
  32 ugly things
  10 lindwurms
  20 wolf spiders
  25 deep elf zephyrmancers
  10 fauns
  2 shining eyes (Slime:1)
  A human zombie (Vaults:2)
  4 orc sorcerers
  An oklob plant (Lair:3)
  3 moths of wrath
  8 cyclopes
  21 manticores
  8 water nymphs
  7 merfolk sirens
  A smoke demon (Lair:5)
  3 black mambas
  7 cane toads
  7 demonic crawlers
  4 storm dragon simulacra (IceCv)
  3 gargoyles
  3 torpor snails
  11 komodo dragons
  18 vault sentinels
  4 unseen horrors
  A rime drake (Lair:1)
  14 yaktaurs
  A freezing wraith (Vaults:2)
  A tengu conjurer (D:14)
  An efreet (D:15)
  3 golden dragon simulacra (IceCv)
  2 ancient zymes (Lair:5)
  34 merfolk
  A meliai (shapeshifter) (D:13)
  2 trolls (D:13)
  14 blink frogs (Lair:5)
  A tengu simulacrum (Vaults:2)
  3 polar bears
  20 tarantellas
  12 dream sheep
  9 wind drakes
  A human simulacrum (Vaults:2)
  Sigmund (D:3)
  A spectral dream sheep (Lair:3)
  45 jumping spiders
  5 snapping turtles
  3 shadows
  A spriggan (Lair:1)
  18 culicivoras
  7 wyverns
  A spriggan (shapeshifter) (D:14)
  3 wraiths
  4 ynoxinuls (Lair:5)
  5 air elementals
  10 humans (D:13)
  18 water elementals
  21 yaks
  A hog (shapeshifter) (D:15)
  A vampire (D:12)
  8 basilisks
  3 chaos spawn (Lair:5)
  6 fire elementals
  Grum (Lair:1)
  10 golden eyes
  2 death yak simulacra (Lair:3)
  34 redbacks
  18 vampire mosquitoes
  2 acid dragons
  3 wargs
  17 water moccasins
  4 hell hounds (Spider:2)
  A glowing shapeshifter skeleton (Vaults:2)
  29 orc warriors
  An ice beast (D:7)
  2 black bears
  A black mamba simulacrum (Lair:3)
  11 small abominations (Lair:5)
  5 ice dragon simulacra (IceCv)
  3 boggarts (Vaults:1)
  10 ogres
  A centaur (shapeshifter) (Vaults:3)
  2 wolves (Lair:1)
  7 centaurs
  9 bullfrogs
  2 kobold brigands
  4 scorpions
  9 wights
  9 lindwurm simulacra (IceCv)
  3 electric eels
  13 howler monkeys
  A komodo dragon simulacrum (Lair:3)
  A torpor snail simulacrum (Lair:3)
  A hound (D:7)
  A lava snake (D:8)
  22 orc priests
  2 gnoll boudas (D:9)
  Jessica (D:2)
  Ijyb (D:3)
  Natasha (thrice) (D:2)
  Terence (D:3)
  19 orc wizards
  2 iguanas (D:7)
  6 hell rats (Lair:4)
  Robin (D:3)
  22 gnolls
  14 adders
  3 shadow imps
  A white imp (D:6)
  An ufetubus (D:6)
  6 worms
  7 dart slugs
  69 orcs
  5 endoplasms
  8 giant cockroaches
  33 goblins
  22 hobgoblins
  4 jackals (D:3)
  24 kobolds
  A quokka (D:3)
  11 ball pythons
  8 bats
  16 frilled lizards
  9 rats
  2 tentacles
1611 creatures vanquished.

Vanquished Creatures (collateral kills)
  A white draconian (IceCv)
  A hell knight (Vaults:2)
  A wolf spider (Spider:2)
  2 hell hounds (Spider:2)
5 creatures vanquished.

Vanquished Creatures (others)
  A deep elf annihilator (Elf:3)
  A wizard (Vaults:2)
  A bush (Lair:1)
  10 fungi
  48 plants
  7 tentacles
68 creatures vanquished.

Grand Total: 1684 creatures vanquished

Notes
Turn   | Place    | Note
-------+----------+-------------------------------------------
     0 | D:1      | Ubbricas the Vine Stalker Fighter began the quest for the
                  | Orb.
     0 | D:1      | Reached XP level 1. HP: 11/11 MP: 2/2
    69 | D:1      | Reached XP level 2. HP: 16/16 MP: 3/3
   500 | D:1      | Reached XP level 3. HP: 19/19 MP: 4/4
   853 | D:2      | Found a shimmering altar of Xom.
   963 | D:2      | Gained mutation: Your natural rate of healing is unusually
                  | fast. [Vine Stalker growth]
   963 | D:2      | Reached XP level 4. HP: 22/23 MP: 3/5
  1055 | D:2      | Noticed Jessica
  1063 | D:2      | Killed Jessica
  1129 | D:2      | Noticed Natasha
  1221 | D:3      | Reached XP level 5. HP: 23/27 MP: 3/6
  1278 | D:3      | Noticed Sigmund
  1289 | D:3      | Killed Sigmund
  1290 | D:3      | Reached XP level 6. HP: 9/32 MP: 3/7
  1663 | D:3      | Noticed Ijyb
  1664 | D:3      | Noticed Robin
  1684 | D:3      | Paralysed by Ijyb for 5 turns
  1700 | D:3      | Paralysed by Ijyb for 2 turns
  1702 | D:3      | Killed Ijyb
  1711 | D:3      | Killed Robin
  1792 | D:3      | Noticed Terence
  1799 | D:3      | Killed Terence
  1800 | D:3      | Reached XP level 7. HP: 36/36 MP: 8/8
  1888 | D:3      | Found a sparkling altar of Nemelex Xobeh.
  1888 | D:3      | Found a snail-covered altar of Cheibriados.
  1961 | D:3      | Found a bloodstained altar of Trog.
  2087 | D:2      | Killed Natasha
  2091 | D:2      | Noticed Natasha
  2100 | D:2      | Killed Natasha
  2260 | D:2      | Noticed Natasha
  2268 | D:2      | Killed Natasha
  2316 | D:2      | Found a faded altar of an unknown god.
  3085 | D:4      | Noticed a wyvern
  3092 | D:4      | Killed a wyvern
  3189 | D:4      | Gained mutation: You have razor-sharp teeth. [Vine Stalker
                  | growth]
  3189 | D:4      | Reached XP level 8. HP: 22/42 MP: 6/9
  3435 | D:4      | Noticed a two-headed ogre
  3455 | D:4      | HP: 2/42 [two-headed ogre/+0 giant spiked club (11)]
  3476 | D:4      | Killed a two-headed ogre
  3477 | D:4      | Reached skill level 5 in Fighting
  3696 | D:4      | Found a staircase to the Ecumenical Temple.
  3731 | Temple   | Entered the Ecumenical Temple
  3738 | Temple   | Became a worshipper of Uskayaw the Reveller
  3773 | D:5      | Entered Level 5 of the Dungeon
  3813 | D:5      | Reached * piety under Uskayaw
  4130 | D:5      | Found a glowing golden altar of the Shining One.
  4170 | D:5      | Reached skill level 1 in Invocations
  4225 | D:5      | Found a runed translucent gate.
  4225 | D:5      | Found a runed translucent gate.
  4225 | D:5      | Found a runed translucent gate.
  4344 | D:5      | Found an opulent altar of Gozag.
  4345 | D:5      | Noticed a yak
  4345 | D:5      | Noticed DispaterIsMyDaddy's ghost (novice FoEE)
  4471 | D:5      | Reached ** piety under Uskayaw
  4475 | D:5      | Reached XP level 9. HP: 46/47 MP: 11/11
  4686 | D:6      | Reached skill level 2 in Invocations
  4692 | D:6      | Reached *** piety under Uskayaw
  4694 | D:6      | Reached **** piety under Uskayaw
  4704 | D:6      | Reached ***** piety under Uskayaw
  4911 | D:6      | Found a basalt altar of Yredelemnul.
  5399 | D:7      | Found a flagged portal.
  5414 | Bailey   | Entered a bailey
  5549 | Bailey   | Reached skill level 3 in Invocations
  5593 | Bailey   | Reached skill level 1 in Evocations
  5740 | Bailey   | Reached skill level 5 in Shields
  5740 | Bailey   | Reached skill level 4 in Invocations
  5761 | Bailey   | Reached XP level 10. HP: 28/53 MP: 14/14
  5837 | Bailey   | Noticed an orc warlord
  5848 | Bailey   | Killed an orc warlord
  5849 | Bailey   | Reached skill level 5 in Invocations
  5923 | Bailey   | Acquired the +15 Maxwell's patent armour {-Cast -Tele rElec
                  | Will+ rCorr}
  5923 | Bailey   | Found the +15 Maxwell's patent armour {-Cast -Tele rElec
                  | Will+ rCorr}
  5966 | D:7      | Reached skill level 5 in Armour
  6269 | D:7      | Acquired 668 gold pieces
  6270 | D:7      | Acquired a +1 pair of gloves of strength
  6445 | D:7      | Found Zetucvae's Book Emporium.
  6904 | D:8      | Found a staircase to the Lair.
  7216 | D:8      | Reached skill level 6 in Invocations
  7571 | D:8      | Found a runed translucent door.
  7755 | D:8      | Found a runed translucent gate.
  7755 | D:8      | Found a runed translucent gate.
  7755 | D:8      | Found a runed translucent gate.
  7755 | D:8      | Found a runed translucent gate.
  7755 | D:8      | Found a runed translucent gate.
  7755 | D:8      | Found a runed translucent gate.
  7755 | D:8      | Noticed a boulder beetle
  7755 | D:8      | Noticed a lindwurm
  7757 | D:8      | Noticed a boulder beetle
  7795 | D:8      | Killed a boulder beetle
  7796 | D:8      | Reached XP level 11. HP: 58/58 MP: 16/16
  7798 | D:8      | Killed a boulder beetle
  7819 | D:8      | Killed a lindwurm
  7820 | D:8      | Reached skill level 7 in Invocations
  8085 | D:9      | Found an opulent altar of Gozag.
  8127 | D:9      | Found a large runed translucent door.
  8127 | D:9      | Found a large runed translucent door.
  8146 | D:9      | Noticed a death knight
  8153 | D:9      | Found a large runed translucent door.
  8153 | D:9      | Found a large runed translucent door.
  8422 | D:9      | Noticed a two-headed ogre
  8432 | D:9      | Killed a two-headed ogre
  8446 | D:9      | Got the Directory of Oromancy and the Blizzard
  8605 | D:9      | Found a burning altar of Makhleb.
  8607 | D:9      | Noticed a green death
  8876 | D:10     | Entered Level 10 of the Dungeon
  9762 | D:11     | Reached skill level 8 in Invocations
  9786 | D:11     | Found a staircase to the Orcish Mines.
  9786 | D:11     | Noticed a manticore
  9806 | D:11     | Killed a manticore
 10110 | D:11     | Noticed a cyclops
 10125 | D:11     | Killed a cyclops
 10188 | D:11     | Noticed Nergalle
 10210 | D:11     | Killed Nergalle
 10211 | D:11     | Reached XP level 12. HP: 64/64 MP: 19/19
 10252 | D:11     | Reached skill level 5 in Evocations
 11095 | Lair:1   | Entered Level 1 of the Lair of Beasts
 11113 | Lair:1   | Reached skill level 9 in Invocations
 11251 | Lair:1   | Noticed Grum
 11251 | Lair:1   | Noticed Urug
 11273 | Lair:1   | Killed Grum
 11314 | Lair:1   | Killed Urug
 11404 | Lair:1   | Reached skill level 10 in Short Blades
 12123 | Lair:2   | Found a hole to the Spider Nest.
 12257 | Lair:2   | Reached skill level 10 in Invocations
 12833 | Lair:3   | Noticed Dani's ghost (journeyman OgDe)
 12833 | Lair:3   | Found a runed translucent gate.
 12833 | Lair:3   | Found a runed translucent gate.
 12833 | Lair:3   | Found a runed translucent gate.
 12886 | Lair:3   | Found a staircase to the Shoals.
 12899 | Lair:3   | Identified the +0 buckler "Raecwoda" {rC+ Int-2 Slay+2}
 12973 | Lair:3   | Noticed a six-headed hydra
 12982 | Lair:3   | Killed a six-headed hydra
 12983 | Lair:3   | Reached XP level 13. HP: 61/69 MP: 21/21
 13134 | Lair:3   | You fall into a shaft and drop 2 floors!
 13134 | Lair:5   | Entered Level 5 of the Lair of Beasts
 13219 | Lair:5   | Reached ****** piety under Uskayaw
 13377 | Lair:5   | Reached skill level 11 in Invocations
 13483 | Lair:5   | Found a staircase to the Slime Pits.
 14457 | Lair:5   | Reached skill level 12 in Invocations
 14567 | Lair:5   | Reached XP level 14. HP: 47/75 MP: 24/24
 14685 | Lair:5   | Found a corrupted altar of Lugonu.
 14685 | Lair:5   | Found a one-way gate to the infinite horrors of the Abyss.
 16163 | Lair:3   | Killed Dani's ghost
 16417 | D:9      | Reached skill level 10 in Fighting
 16505 | Orc:1    | Entered Level 1 of the Orcish Mines
 16505 | Orc:1    | Found Cohomeob's Antique Weapon Shoppe.
 16729 | Orc:2    | Entered Level 2 of the Orcish Mines
 16729 | Orc:2    | Found a staircase to the Elven Halls.
 16950 | Orc:2    | Reached skill level 13 in Invocations
 17414 | Orc:2    | Found Vitzapte's Armour Boutique.
 17470 | Orc:2    | Found Fuapimor's Book Emporium.
 17470 | Orc:2    | Found Ugeacaus's Assorted Antiques.
 17497 | Orc:2    | Found Roraaboi's Weapon Shoppe.
 17500 | Orc:2    | Found Wawn's Assorted Antiques.
 17506 | Orc:2    | Bought a pair of polished boots for 247 gold pieces
 17506 | Orc:2    | Identified the +1 pair of boots "Fimouwul" {Rampage rPois
                  | rF- Str+5} (You bought it in a shop on level 2 of the
                  | Orcish Mines)
 17506 | Orc:2    | Bought a glowing helmet for 195 gold pieces
 18022 | Orc:1    | Bought a glowing rapier for 210 gold pieces
 18270 | D:12     | Noticed Snorg
 18283 | D:12     | Killed Snorg
 18475 | D:12     | Found a snail-covered altar of Cheibriados.
 18913 | D:13     | Reached XP level 15. HP: 78/81 MP: 26/26
 18948 | D:13     | Reached skill level 14 in Invocations
 18984 | D:13     | Found a gate to the Vaults.
 19022 | D:13     | Found a portal to a secret trove of treasure.
 19148 | D:13     | Found a white marble altar of Elyvilon.
 19483 | D:14     | Found a shimmering blue altar of Sif Muna.
 20123 | D:15     | Entered Level 15 of the Dungeon
 20274 | D:15     | Found a frozen archway.
 20278 | IceCv    | Entered an ice cave
 20382 | IceCv    | Reached skill level 15 in Invocations
 20510 | IceCv    | Reached skill level 10 in Armour
 20657 | IceCv    | Got the Book of the Serac and Infection
 20745 | IceCv    | Noticed a white draconian knight
 20758 | IceCv    | Killed a white draconian knight
 20805 | IceCv    | Identified the ring "Qeasuz" {rElec rCorr Str+6}
 20806 | IceCv    | Identified the ring "Weraik" {rPois rC+ rN+ Dex+3 Stlth+}
 21160 | D:15     | Reached skill level 1 in Throwing
 21193 | D:15     | Found a staircase to the Depths.
 21287 | D:15     | Reached XP level 16. HP: 88/88 MP: 28/28
 22051 | Elf:1    | Entered Level 1 of the Elven Halls
 22081 | Elf:1    | Reached skill level 16 in Invocations
 22974 | Elf:1    | Noticed an Ice Fiend
 22979 | Elf:1    | Noticed an Ice Fiend
 23177 | Elf:1    | Found a radiant altar of Vehumet.
 23705 | Spider:1 | Entered Level 1 of the Spider Nest
 23957 | Spider:1 | Noticed Aizul
 23975 | Spider:1 | Reached XP level 17. HP: 93/93 MP: 30/30
 23983 | Spider:1 | Killed Aizul
 24463 | Spider:1 | Reached skill level 17 in Invocations
 24846 | Spider:2 | Reached skill level 5 in Throwing
 24919 | Spider:2 | Noticed Azrael
 24934 | Spider:2 | Killed Azrael
 25780 | Spider:3 | Noticed Nikola
 25812 | Spider:3 | Killed Nikola
 26179 | Spider:3 | Acquired 729 gold pieces
 26713 | Spider:4 | Entered Level 4 of the Spider Nest
 26749 | Spider:4 | Noticed Asterion
 26765 | Spider:4 | Killed Asterion
 27285 | Spider:4 | Reached XP level 18. HP: 99/99 MP: 29/31
 27467 | Spider:4 | Identified the orb "Imafaps" {*Rage, MP+9 Int+2 SInv}
 27586 | Spider:4 | Reached skill level 18 in Invocations
 27685 | Spider:4 | Got a gossamer rune of Zot
 28071 | Elf:2    | Paralysed by an air elemental for 1 turns
 28153 | Elf:2    | Found Axuckeicw's Antique Weapon Boutique.
 28410 | Elf:2    | Paralysed by an air elemental for 1 turns
 28639 | Elf:2    | Paralysed by an air elemental for 1 turns
 28725 | Elf:2    | Found a runed translucent gate.
 28725 | Elf:2    | Found a runed translucent gate.
 28741 | Elf:2    | Found a runed translucent gate.
 28876 | Elf:2    | Noticed a deep elf blademaster
 28894 | Elf:2    | Killed a deep elf blademaster
 29551 | Elf:3    | Entered Level 3 of the Elven Halls
 29703 | Elf:3    | Noticed Donald
 29718 | Elf:3    | Killed Donald
 29723 | Elf:3    | Got the Parchment of Violence
 30134 | Elf:3    | Noticed a Tzitzimitl
 30343 | Elf:3    | Reached XP level 19. HP: 97/105 MP: 31/33
 30432 | Elf:3    | Reached skill level 19 in Invocations
 30631 | Elf:3    | Paralysed by an air elemental for 1 turns
 30635 | Elf:3    | Identified the +7 morningstar of Diapp {freeze, rF+ Dex+2
                  | SInv}
 31099 | Elf:3    | Identified the amulet of Vurchofet {Reflect *Slow Dex+7
                  | SH+5}
 31099 | Elf:3    | Noticed Zenata
 31105 | Elf:3    | Banished Zenata
 31161 | Elf:3    | Identified the +3 scimitar of Faclil {holy, Str-3 Int+4
                  | Dex+3 Stlth+}
 31337 | Elf:3    | Found the +0 pair of fencer's gloves {Riposte Dex+3}
 31361 | Elf:3    | Identified the staff of cold "Qademigg" {rElec rF+ rC+
                  | Int+3}
 31382 | Elf:3    | Identified the +6 mace of the Big Bang {flame, Int+4 Dex+2}
 31387 | Elf:3    | Identified the +1 ring mail of Naupegh {Rampage}
 31475 | Elf:3    | Identified the +5 hand axe of Ashenzari {venom, Str+2}
 31744 | Elf:3    | Identified the +9 shortbow of Keolegal {speed, rElec rC+
                  | Str-3}
 31988 | Vaults:1 | Entered Level 1 of the Vaults
 32216 | Vaults:1 | Found Etwahij's Jewellery Boutique.
 32224 | Vaults:1 | Bought a ring of the Octopus King {rC+ HP+2 AC+2 EV+2 SH+2}
                  | for 859 gold pieces
 32224 | Vaults:1 | Found the ring of the Octopus King {rC+ HP+2 AC+2 EV+2
                  | SH+2}
 33323 | Vaults:2 | Reached XP level 20. HP: 111/111 MP: 30/34
 33573 | Vaults:2 | Found Ocvishedgh's Magic Scroll Boutique.
 33579 | Vaults:2 | Bought a scroll of poison for 80 gold pieces
 33579 | Vaults:2 | Bought a scroll of magic mapping for 150 gold pieces
 33579 | Vaults:2 | Bought a scroll of teleportation for 60 gold pieces
 33752 | Vaults:2 | Noticed Margery
 33760 | Vaults:2 | Reached skill level 20 in Invocations
 33763 | Vaults:2 | Killed Margery
 33994 | D:13     | You paid a toll of a +6 demon trident to enter a treasure
                  | trove
 33995 | Trove    | Entered a treasure trove
 33997 | Trove    | Found the +7 lajatang of Order {silver, rMut}
 33997 | Trove    | Found the +5 glaive of the Guard {elec, spectral, AC+5}
 33998 | Trove    | Found the +16 obsidian axe {drain, demonic, Mesm Drain Fly
                  | SInv}
 34000 | Trove    | Identified the +7 rapier of the Dead {heavy, rN+ Will+
                  | Str+3 SInv}
 35335 | Vaults:3 | Reached skill level 15 in Short Blades
 35711 | Vaults:3 | Found a staircase to the Crypt.
 35711 | Vaults:3 | Found a basalt altar of Yredelemnul.
 35718 | Vaults:3 | Found an ancient bone altar of Kikubaaqudgha.
 35988 | Vaults:3 | Noticed Mara
 36002 | Vaults:3 | Killed Mara
 36003 | Vaults:3 | Reached XP level 21. HP: 116/116 MP: 34/36
 36508 | Vaults:3 | Reached skill level 15 in Fighting
 36715 | Vaults:4 | Found Vodweceb's Weapon Boutique.
 37078 | Vaults:4 | Reached skill level 10 in Shields
 37313 | Vaults:4 | Found Ufymogh's Antique Weapon Shop.
 37404 | Vaults:4 | Found Tusew's Weapon Shop.
 37426 | Vaults:4 | Reached skill level 10 in Evocations
 37430 | Vaults:4 | Reached skill level 21 in Invocations
 37481 | Vaults:4 | Found a huge runed gate.
 37481 | Vaults:4 | Found a huge runed gate.
 37481 | Vaults:4 | Found a huge runed gate.
 37481 | Vaults:4 | Found a huge runed gate.
 37481 | Vaults:4 | Found a huge runed gate.
 37482 | Vaults:4 | Found a huge runed gate.
 37482 | Vaults:4 | Found a huge runed gate.
 37482 | Vaults:4 | Found a huge runed gate.
 37482 | Vaults:4 | Found a huge runed gate.
 37484 | Vaults:4 | Found a huge runed gate.
 37484 | Vaults:4 | Found a huge runed gate.
 37484 | Vaults:4 | Found a huge runed gate.
 37484 | Vaults:4 | Found a huge runed gate.
 37484 | Vaults:4 | Found a huge runed gate.
 37484 | Vaults:4 | Found a huge runed gate.
 37485 | Vaults:4 | Found a huge runed gate.
 37486 | Vaults:4 | Found a huge runed gate.
 37491 | Vaults:4 | Found a huge runed gate.
 37499 | Vaults:4 | Found a huge runed gate.
 37499 | Vaults:4 | Found a huge runed gate.
 37499 | Vaults:4 | Found a huge runed gate.
 37499 | Vaults:4 | Found a huge runed gate.
 37499 | Vaults:4 | Found a huge runed gate.
 37499 | Vaults:4 | Found a huge runed gate.
 37500 | Vaults:4 | Found a huge runed gate.
 37501 | Vaults:4 | Found a huge runed gate.
 37502 | Vaults:4 | Found a huge runed gate.
 37511 | Vaults:4 | Found a huge runed gate.
 37511 | Vaults:4 | Found a huge runed gate.
 37511 | Vaults:4 | Found a huge runed gate.
 37511 | Vaults:4 | Found a huge runed gate.
 37511 | Vaults:4 | Found a huge runed gate.
 37511 | Vaults:4 | Found a huge runed gate.
 37512 | Vaults:4 | Found a huge runed gate.
 37513 | Vaults:4 | Found a huge runed gate.
 37514 | Vaults:4 | Found a huge runed gate.
 37658 | Vaults:4 | Found Goakkutz's Magic Scroll Emporium.
 37661 | Vaults:4 | Bought 3 scrolls of immolation for 204 gold pieces
 37661 | Vaults:4 | Bought a scroll of magic mapping for 127 gold pieces
 37661 | Vaults:4 | Bought a scroll of magic mapping for 127 gold pieces
 37661 | Vaults:4 | Bought a scroll of fog for 68 gold pieces
 37661 | Vaults:4 | Bought a scroll of blinking for 127 gold pieces
 37661 | Vaults:4 | Bought a scroll of fear for 68 gold pieces
 37661 | Vaults:4 | Bought a scroll of teleportation for 51 gold pieces
 37709 | Vaults:4 | Noticed a golden dragon
 37721 | Vaults:4 | Noticed a dread lich
 37731 | Vaults:4 | Reached skill level 10 in Throwing
 37878 | Vaults:4 | Killed a golden dragon
 37882 | Vaults:4 | Killed a dread lich
 37947 | Vaults:4 | Identified the amulet of the Good {rPois Regen+}
 38391 | Shoals:1 | Entered Level 1 of the Shoals
 38511 | Shoals:1 | You are sucked into a shaft and drop 1 floor!
 39067 | Shoals:1 | Reached XP level 22. HP: 123/123 MP: 33/37
 40573 | Shoals:3 | Identified the +5 ring mail "Jity" {rCorr Dex+3 Slay+6}
 40613 | Shoals:3 | Found Qennuon's Antique Weapon Shop.
 41254 | Shoals:4 | Entered Level 4 of the Shoals
 41329 | Shoals:4 | Got a barnacled rune of Zot
 41709 | Shoals:4 | Found Velableps's Distillery.
 41718 | Shoals:4 | Bought a potion of ambrosia for 120 gold pieces
 41718 | Shoals:4 | Bought a potion of mutation for 120 gold pieces
 41718 | Shoals:4 | Bought a potion of curing for 45 gold pieces
 41718 | Shoals:4 | Bought a potion of might for 60 gold pieces
 41956 | Shoals:4 | Identified the ring of the Lily {rF+ Str+4 Dex+6 SInv}
 42165 | Shoals:4 | Got the Codex of the Assassin and Gloom
 42422 | Slime:1  | Entered Level 1 of the Pits of Slime
 42800 | Slime:5  | Entered Level 5 of the Pits of Slime
 42836 | Slime:5  | Reached skill level 22 in Invocations
 42961 | Slime:5  | Noticed the Royal Jelly
 42975 | Slime:5  | Killed the Royal Jelly
 42980 | Slime:5  | HP: 5/126 [acid blob/splash of acid[the Royal Jelly] (5)]
 42980 | Slime:5  | Killed from afar by an acid blob

Illustrated notes

Levels and vault maps discovered:
D:1:      nicolae_arrival_memento_mori, layout_loops_ring, nrook_mini_vaults,
          minmay_strange_pillars, chequers_serial_rivers_room_b,
          minmay_shallow_snake_nest
D:2:      layout_rooms, basic_altar, shapermc_ecumenical_altar_pompeii,
          minmay_lizard_king, uniq_natasha, uniq_jessica
D:3:      minmay_chambers_of_threes, layout_loops_corners,
          gammafunk_temple_overflow_statue, trog_hazing_becter, uniq_robin,
          uniq_sigmund, uniq_terence, uniq_ijyb
D:4:      layout_gridville, minmay_temple_entry_tees, sigmund_army
D:5:      layout_loops_corners, mainiacjoe_overflow_24_doors,
          ebering_ghost_gozag
D:6:      layout_loops_cross, yredelemnul_altar_generic, serial_bayou_pond_d
D:7:      layout_loops_ring, enter_bailey_3, nicolae_inconvenience_store
D:8:      gammafunk_indiana_jones, layout_basic, lair_entry_dummy, serial_glass,
          glass_columns_b, glass_columns_a, glass_columns_b, glass_columns_b,
          glass_columns_a, glass_columns_c, kennysheep_cross_bottleneck
D:9:      layout_irregular_city, mainiacjoe_overflow_tiny_flanked,
          makhleb_altar_promises_db, minmay_hollow_rounded_squares
D:10:     layout_basic, serial_glass, glass_columns_c, glass_columns_a,
          glass_columns_a, glass_columns_c, glass_columns_c, glass_columns_c
D:11:     layout_grid_maze, erik_orc_4, uniq_nergalle
D:12:     layout_basic, cheibrodos_worm_habitat, uniq_snorg
D:13:     layout_cave_pools, ximxim_vaults_locker_room,
          nicolae_trove_entry_isolated, elyvilon_altar_1
D:14:     layout_roguey, chequers_arboretum, nicolae_sif_muna_little_library
D:15:     grunt_enter_depths_hoard, layout_long_grid,
          portal_ice_cave_entry_pillars_four, st_stairs_2
Temple:   nicolae_temple_superstar
Lair:1:   layout_roguey, grunt_forest_large_clearing_hut, uniq_grum, uniq_urug
Lair:2:   layout_loops_ring, nicolae_spider_entry_non_spiders,
          infiniplex_staircase_pool
Lair:3:   layout_roguey, shoals_dummy_entry, nicolae_volcano_entry_vermiform,
          gammafunk_ghost_necromancy
Lair:4:   layout_cave_pods
Lair:5:   hellmonk_lair_end_abyssal_woods, layout_regular_city, slime_entry_1
Shoals:1: layout_shoals
Shoals:2: layout_shoals, nicolae_shoals_land_atoll, nicolae_shoals_seven_spires
Shoals:3: layout_shoals, serial_shops, nicolae_shop_tiny_glass
Shoals:4: shoals_end_grunt_ice, layout_shoals, serial_shops,
          nicolae_lakefront_shop
Spider:1: nicolae_spider_mines_3, uniq_aizul
Spider:2: layout_cave_pods, uniq_azrael
Spider:3: layout_cave_pods, nicolae_spider_world_wide_web, uniq_nikola
Spider:4: guppyfry_spider_rune, nicolae_spider_bug_shape, uniq_asterion
Slime:1:  cheibrodos_slime_lost_civilization_10, layout_caves
Slime:2:  layout_caves
Slime:3:  layout_caves
Slime:4:  layout_caves, special_room [special_room_jelly]
Slime:5
Orc:1:    layout_diamond_mine, serial_shops, shop
Orc:2:    st_orc_mages, layout_caves, serial_shops, shop
Elf:1:    nicolae_elf_arrival_aired_out, layout_loops_corners, basic_altar,
          hangedman_elf_represent, evilmike_ambush [evilmike_ambush_outer_basic,
          evilmike_ambush_inner_wall_1]
Elf:2:    elven_hall_of_blades_hangedman_original
          [nicolae_blade_entry_pointy_end], layout_geoelf_grid, serial_shops,
          nicolae_shop_window_shopping
Elf:3:    minmay_elf_hall_hex, layout_loops_cross, minmay_elf_annihilation,
          uniq_zenata, uniq_donald
Vaults:1: nicolae_vaults_more_shelving_2, v_misc_31,
          nicolae_vaults_heart-shaped_vault, nicolae_vaults_frosty_reception,
          v_misc_4, nicolae_vaults_offset_grid_hallway_3,
          nicolae_vaults_tangram_1, nicolae_vaults_house_3,
          layout_vaults_omnigrid, serial_shops, nicolae_shop_tiny_statue_garden
Vaults:2: nicolae_vaults_stairing_the_circle, vaults_mumra_chevron,
          nicolae_vaults_tetromino_T_1, nicolae_vaults_more_shelving_1,
          v_rooms_2, hangedman_vaults_locks, vaults_dpeg_spiral,
          nicolae_vaults_angled_halls, nicolae_vaults_little_squares_2,
          nicolae_vaults_tetromino_T_1, nicolae_vaults_closet_pinwheel_1,
          layout_vaults_omnicross, serial_shops, nicolae_shop_rolling_square,
          uniq_margery
Vaults:3: grunt_vaults_swirl, nicolae_vaults_specimen_jars,
          nicolae_vaults_windows_and_doors_thing, hangedman_vaults_pinch,
          minmay_crypt_entry_necro_gods, grunt_vaults_diagonal,
          dpeg_vaults_monster_box, vaults_standard_mumra_lines,
          nicolae_vaults_what_the_h, v_misc_24, nicolae_vaults_little_ls,
          v_alt_pattern_4, nicolae_vaults_two_Ls, layout_vaults_ring, uniq_mara
Vaults:4: nicolae_vaults_sightless_eye, nicolae_vaults_spaceships, door_vault,
          nicolae_vaults_closet_pinwheel_2, nicolae_vaults_tetromino_L_2,
          v_rooms_6, nicolae_vaults_storage_closets_3, v_misc_26,
          nicolae_vaults_little_squares_2, nicolae_vaults_offset_grid_hallway_4,
          layout_vaults_omnibox, serial_shops, nicolae_shop_rolled_up, shop,
          nicolae_shop_just_a_little_nook, shop

Skill      XL: |  1  2  3  4  5  6  7  8  9 10 11 12 13 14 15 16 17 18 19 20 21 22 |
---------------+-------------------------------------------------------------------+-----
Short Blades   | 2 3 4 6 7 8 9 10 11 12 13 14 15 16 17 | 17.0
Fighting       | 3 4 5 6 7 8 9 10 11 12 13 14 15 16 | 16.7
Shields        | 3 4 5 6 7 8 9 10 11 | 11.2
Armour         | 3 4 5 6 7 8 9 10 11 12 13 14 | 14.1
Invocations    | 1 4 6 8 10 12 13 15 16 17 18 19 20 21 22 | 22.0
Evocations     | 2 3 4 5 7 8 9 10 | 10.0
Throwing       | 1 4 6 7 8 9 10 | 10.4

Action                     |  1- 3 |  4- 6 |  7- 9 | 10-12 | 13-15 | 16-18 | 19-21 | 22-24 || total
---------------------------+-------+-------+-------+-------+-------+-------+-------+-------++-------
  Melee: Rapier            |   102 |   162 |       |       |   712 |  1637 |  1603 |   576 ||  4792
         Bite              |    25 |    48 |   136 |   415 |   848 |   718 |   851 |   319 ||  3360
         Dagger            |       |    13 |   411 |   946 |   980 |       |       |       ||  2350
  Throw: Javelin           |       |     3 |       |       |       |       |       |     8 ||    11
         Dart              |       |       |     9 |     4 |       |       |       |       ||    13
         Boomerang         |       |       |       |       |       |     5 |     5 |    39 ||    49
 Invoke: Stomp             |       |       |       |     2 |     2 |    22 |     8 |       ||    34
         Line Pass         |       |       |       |     1 |       |     1 |       |       ||     2
         Grand Finale      |       |       |       |       |     1 |     2 |     6 |     2 ||    11
  Evoke: Wand              |       |       |       |     3 |       |       |       |       ||     3
         Lightning rod     |       |       |       |       |     3 |     3 |       |       ||     6
         Phantom mirror    |       |       |       |       |     1 |     1 |     2 |       ||     4
         Condenser vane    |       |       |       |       |       |       |       |     1 ||     1
    Use: Scroll            |       |       |     8 |    20 |     3 |     3 |     3 |     1 ||    38
         Potion            |       |       |     1 |     1 |     1 |     4 |     4 |     2 ||    13
   Stab: Paralysed         |       |       |    10 |    43 |    88 |   143 |   155 |    59 ||   498
         Confused          |       |       |       |       |       |     1 |       |       ||     1
         Distracted        |       |       |       |       |       |       |       |     1 ||     1
 Armour: Scale mail        |    46 |       |       |       |       |       |       |       ||    46
         Chain mail        |       |    78 |    34 |       |       |       |       |       ||   112
         Plate armour      |       |       |    81 |   336 |   666 |   823 |   448 |   165 ||  2519
         Troll leather arm |       |       |    23 |       |       |       |       |       ||    23
         Ring mail         |       |       |       |       |       |       |       |    11 ||    11
  Dodge: Dodged            |    33 |    49 |    68 |   134 |   241 |   258 |   168 |    66 ||  1017
  Block: Buckler           |    16 |       |       |     1 |   259 |   299 |    46 |       ||   621
         Kite shield       |    16 |    81 |   197 |   326 |       |       |   540 |   323 ||  1483
Riposte: Rapier            |       |       |       |       |       |       |     3 |       ||     3
